 Dungeon Crawl Stone Soup version 0.31-a0-963-ga325b2283a (webtiles) character file.

Game seed: 11122174670244927559

48178 Xavori the Nimble (level 14, 0/88 (102) HPs)
             Began as a Djinni Chaos Knight on Oct 24, 2023.
             Was a Plaything of Xom.
             Slain by a spriggan
             ... wielding a +2 rapier of distortion
              (20 damage)
             ... on level 5 of the Lair of Beasts.
             The game lasted 00:23:41 (17756 turns).

Xavori the Nimble (Djinni Chaos Knight)            Turns: 17756, Time: 00:23:42

HP:   0/88 (102)    AC: 16    Str: 10    XL:     14   Next: 85%
Gold: 1488          EV: 23    Int: 18    God:    Xom [*.....] SH:  0 Dex: 17

rFire   + + .        a - +2 scimitar (flame)
rCold   x . .        (no shield)
rNeg    . . .        M - +2 leather armour
rPois   ∞            t - +1 hat
rElec   .            F - +0 cloak
rCorr   .            u - +2 pair of gloves
SInv    +            (boots unavailable)
Will    +....        (no amulet)
Stlth   +            E - +4 ring of slaying
HPRegen 0.34/turn    z - ring of Xom's Full Attention {EV+5 Slay+5 SInv}
MPRegen 0.00/turn

%: clarity, infuse magic (-1 HP)
@: flying, heavily drained, unable to drink
A: sickness immunity, fire resistance 2, cold vulnerability 1, float, innate
caster, HP casting, extra vitality 1, antennae 1, claws 1, iridescent scales 2,
see invisible, clarity, clever 1, sense surroundings 1, wild magic 1, inability
to drink after injury 1, sturdy frame 1
a: Renounce Religion


You were on level 5 of the Lair of Beasts.
You worshipped Xom.
You were a special plaything of Xom.
You visited 2 branches of the dungeon, and saw 16 of its levels.
You also visited: Ossuary, Bailey and Volcano.

You collected 2620 gold pieces.
You spent 1132 gold pieces at shops.

Inventory:

Hand Weapons
 a - a +2 scimitar of flaming (weapon)
 b - the +6 arbalest "Damnation" {damnation}
   (You bought it in a shop on level 4 of the Dungeon)
Missiles
 T - a throwing net
Armour
 t - a +1 hat (worn)
 u - a +2 pair of gloves (worn)
 F - a +0 cloak (worn)
 M - a +2 leather armour (worn)
Jewellery
 n - a +5 ring of evasion
 z - the ring of Xom's Full Attention (right hand) {EV+5 Slay+5 SInv}
   (You found it on level 4 of the Dungeon)

   [ring of evasion]

   EV+5:      It affects your evasion (+5).
   Slay+5:    It affects your accuracy & damage with ranged weapons and melee
   (+5).
   SInv:      It lets you see invisible.
 E - a +4 ring of slaying (left hand)
 U - a ring of resist corrosion
 V - the ring of Lady Luck {rF+ rC+}
   (Xom gifted it to you on level 1 of the Lair of Beasts)

   [ring of protection from fire]

   rF+:       It protects you from fire.
   rC+:       It protects you from cold.
Wands
 i - a wand of mindburst (11)
 v - a wand of flame (26)
 w - a wand of iceblast (22)
 Q - a wand of digging (3)
 S - a wand of paralysis (10)
Scrolls
 c - a scroll of butterflies
 d - a scroll of summoning
 j - 3 scrolls of fog
 m - a scroll of revelation
 o - 5 scrolls of enchant weapon
 p - 3 scrolls of torment
 q - 3 scrolls of enchant armour
 r - a scroll of fear
 s - a scroll of vulnerability
 y - 2 scrolls of poison
 C - 9 scrolls of teleportation
 G - 2 scrolls of immolation
 J - 6 scrolls of noise
 W - a scroll of brand weapon
Potions
 e - 3 potions of enlightenment {unknown}
 f - 6 potions of brilliance {unknown}
 g - 5 potions of curing {unknown}
 h - 7 potions of mutation
 k - 4 potions of haste
 l - a potion of cancellation {unknown}
 x - 12 potions of degeneration
 A - a potion of ambrosia {unknown}
 D - 3 potions of resistance {unknown}
 H - a potion of experience {unknown}
 I - 3 potions of heal wounds {unknown}
 K - 2 potions of invisibility {unknown}
 L - 5 potions of might {unknown}
 N - 2 potions of lignification {unknown}
 O - 3 potions of attraction {unknown}
 R - 2 potions of berserk rage {unknown}


   Skills:
 + Level 9.9 Fighting
 + Level 9.1 Long Blades
 * Level 9.5 Ranged Weapons
 + Level 9.4 Armour
 + Level 10.5 Dodging
 * Level 9.6 Spellcasting
 * Level 9.6 Conjurations
 * Level 9.6 Hexes
   Level 0.0 Charms
 * Level 9.6 Summonings
 * Level 9.6 Necromancy
 * Level 9.6 Translocations
 * Level 9.6 Transmutations
 * Level 9.6 Fire Magic
 * Level 9.6 Ice Magic
 * Level 9.6 Air Magic
 * Level 9.6 Earth Magic
 * Level 9.6 Poison Magic


You knew the following spells:

 Your Spells              Type           Power      Damage    Failure   Level
a - Summon Small Mammal   Summ           100%       N/A       1%          1
b - Passwall              Tmut/Erth      45%        N/A       1%          2
c - Static Discharge      Conj/Air       100%       3-8/arc   1%          2
d - Anguish               Hex/Necr       27%        N/A       3%          4
e - Airstrike             Air            27%        2d(4-20)  3%          4
f - Freezing Cloud        Conj/Ice/Air   27%        6-21      8%          5
Your spell library was empty.

Dungeon Overview and Level Annotations

Branches:
Dungeon (11/15)            Temple (0/1) D:6            Lair (5/5) D:10
  Swamp (0/4) Lair:3        Snake (0/4) Lair:2        Slime (0/5) Lair:4
    Orc (0/2) D:9         Ossuary (visited)          Bailey (visited)
Volcano (visited)

Altars:
Ashenzari
Dithmenos
Hepliaklqana
Nemelex Xobeh
Ru
Trog
Wu Jian
Xom
Yredelemnul
The Shining One
Jiyva

Shops:
D:1 [[(   D:4 (   D:10 :


Innate Abilities, Weirdness & Mutations

You are immune to sickness and miasma.
You are immune to poison.
Your flesh is very heat resistant. (rF++)
You are vulnerable to cold. (rC-)
You float through the air rather than walking.
You learn spells naturally, not from books.
Your magical power is your life essence.
You have superior vitality. (+4 MHP)
You have a pair of small antennae on your head.
You have sharp fingernails.
You are mostly covered in iridescent scales. (AC +4)
You have supernaturally acute eyesight. (SInv)
You possess an exceptional clarity of mind.
Your mind is acute. (Int +4, Str/Dex -1)
You passively map a small area around you.
Your spells are a little harder to cast, but a little more powerful.
You occasionally lose the ability to drink potions when taking damage.
Your movements are slightly less encumbered by armour. (ER -2)


Message History

Unknown command.
Your +2 scimitar of flaming bursts into flame!
a - a +2 scimitar of flaming (weapon)
"Suffer!"
You feel drained. The spriggan closely misses you.
You closely miss the spriggan.
The spriggan hits you with a +2 rapier of distortion.
You blink.
Unknown command.
You are engulfed in freezing vapours.
You are engulfed in freezing vapours.
The spriggan hits you but does no damage.
Space warps around you.
You slash the spriggan! You burn the spriggan.
The spriggan is heavily wounded.
You are engulfed in freezing vapours.
The spriggan completely misses you.
You barely miss the spriggan.
The spriggan is heavily wounded.
You are engulfed in freezing vapours.
The spriggan hits you but does no damage.
Space warps around you.
You feel threatened and lose the ability to drink potions!
You miss the spriggan.
The spriggan is heavily wounded.
You are engulfed in freezing vapours.
* * * LOW HITPOINT WARNING * * *
The spriggan misses you.
Unknown command.
Blink to where?
Press: ? - help, Dir - move target
As you read the scroll of blinking, it crumbles to dust.
The spriggan hits you but does no damage.
Space warps around you.
* * * LOW HITPOINT WARNING * * *
You miss the spriggan.
The spriggan is heavily wounded.
The spriggan hits you but does no damage.
Space warps horribly around you!!
You die... "Boring in life, boring in death..."

♣♣♣♣}[††.♣♣..♣♣♣♣
♣♣.....♣♣........♣♣♣
......♣♣♣♣♣♣.......♣ ### ....♣♣♣
♣* ♣♣..♣♣♣♣♣ ♣#######.## ....♣
♣♣..♣..♣♣ ♣#P##.##.#.#
.♣♣...♣♣.......♣♣ ♣♣♣♣...........
♣♣♣♣.....♣.♣♣♣..♣♣♣..............
♣♣♣.♣♣♣* ♣♣..♣♣♣............. , *
* * ♣ ♣♣♣@♣♣.........[.... ,,
♣♣§i♣♣♣♣##........... , ♣§§♣♣
#........... * * ♣§§.♣
####.........
,*♣☼○.♣♣♣♣##.#.....#.... * ,, ,,
.§§§.♣♣♣..##.#...#.#P..
..♣♣♣♣♣♣....#.#...#..... , ..
♣♣♣♣...##.#.⌠.#..... ♣♣♣♣ , .♣
♣♣......##.......#...


You could see a spriggan.

Vanquished Creatures
  Gastronok (D:11)
  Josephine (D:10)
  5 hydras
  A two-headed ogre (D:8)
  A boulder beetle (D:11)
  A thrashing horror (Lair:5)
  A skyshark (Lair:3)
  An orc knight (Bailey)
  3 lindwurms
  A deep elf zephyrmancer (Bailey)
  2 manticores (D:11)
  5 oklob plants
  A toenail golem (Volcano)
  3 elephants (Lair:2)
  A guardian serpent (shapeshifter) (Lair:5)
  A torpor snail (Lair:2)
  A smoke demon (Lair:5)
  9 cane toads
  3 efreet (Volcano)
  7 komodo dragons
  Jeremiah (D:7)
  3 rime drakes
  3 polar bears
  A hornet (D:9)
  3 dream sheep (Lair:2)
  A raiju (Lair:5)
  Prince Ribbit (D:6)
  16 blink frogs
  3 large abominations (Lair:5)
  2 ynoxinuls (Lair:5)
  A culicivora (shapeshifter) (Lair:5)
  4 wyverns
  A water elemental (D:11)
  Sigmund (D:5)
  62 yaks
  A shadow (D:10)
  A vampire (D:10)
  4 wraiths
  5 fire elementals (Volcano)
  A chaos spawn (Lair:5)
  A steam dragon (D:8)
  5 basilisks
  4 vampire mosquitoes (D:10)
  A warg (shapeshifter) (Lair:5)
  2 nagas (Lair:2)
  3 acid dragons
  Duvessa (D:7)
  7 water moccasins
  12 orc warriors
  3 black bears
  A sky beast (D:6)
  An ogre (D:5)
  6 wolves (Lair:4)
  2 centaurs
  A kobold brigand (D:7)
  3 phantoms
  10 bullfrogs
  9 small abominations (Lair:5)
  2 gnoll sergeants
  3 scorpions
  4 earth elementals (Volcano)
  5 wights (D:9)
  Dowan (D:7)
  4 troll zombies (D:9)
  7 killer bees
  4 howler monkeys
  3 electric eels
  3 hounds
  10 jellies
  2 centaur zombies (Ossuary)
  A human zombie (Ossuary)
  2 orc priests
  Crazy Yiuf (D:5)
  Terence (D:3)
  2 iguanas
  13 orc wizards
  Natasha (thrice) (D:4)
  2 ogre zombies (D:9)
  Robin (D:4)
  4 mummies (Ossuary)
  12 gnolls
  4 adders
  3 white imps
  2 ufetubi (D:6)
  2 worms
  A dart slug (D:1)
  49 orcs
  5 ball pythons
  4 bats
  6 endoplasms
  3 giant cockroaches
  4 gnoll zombies
  17 goblins
  11 hobgoblins
  3 quokkas
  3 frilled lizards
  4 gnoll skeletons (D:9)
  A goblin zombie (Ossuary)
  A hobgoblin zombie (Ossuary)
  12 kobolds
  2 kobold zombies (Ossuary)
  2 orc skeletons (D:9)
  10 orc zombies (D:9)
  6 rats
481 creatures vanquished.

Vanquished Creatures (collateral kills)
  Pikel (D:5)
  A molten gargoyle (Volcano)
  A yak (Lair:1)
  An iguana (D:5)
  A hobgoblin (D:5)
  A quokka (D:4)
  A frilled lizard (D:3)
  A spectral hobgoblin (D:5)
8 creatures vanquished.

Vanquished Creatures (others)
  A dancing weapon (Volcano)
1 creature vanquished.

Grand Total: 490 creatures vanquished

Notes
Turn   | Place    | Note
-------+----------+-------------------------------------------
     0 | D:1      | Xavori the Djinni Chaos Knight began the quest for the Orb.
     0 | D:1      | Reached XP level 1. HP: 20/20 MP: 0/0
    88 | D:1      | Found Haist's Weapon Emporium.
   146 | D:1      | Reached XP level 2. HP: 22/25 MP: 0/0
   226 | D:1      | XOM: potion effect (attraction)
   289 | D:1      | Found Powajir's Antique Armour Shop.
   356 | D:1      | XOM: silly message
   389 | D:1      | Reached XP level 3. HP: 30/30 MP: 0/0
   389 | D:1      | Learned a level 1 spell: Summon Small Mammal
   665 | D:1      | Found Jon Gigg's Antique Armour Boutique.
  1625 | D:1      | XOM: give mutations
  1625 | D:1      | Gained mutation: You expend health (3 HP) to strengthen
                  | your wands. [Xom's grace]
  1625 | D:1      | Gained mutation: Your mind is acute. (Int +4, Str/Dex -1)
                  | [Xom's grace]
  1625 | D:1      | Gained mutation: You have a pair of small antennae on your
                  | head. [Xom's grace]
  1677 | D:1      | XOM: divination: magic mapping
  2148 | D:1      | XOM: god gift: dagger {god gift}
  3025 | D:1      | XOM: give mutations
  3025 | D:1      | Gained mutation: You possess an exceptional clarity of
                  | mind. [Xom's grace]
  3025 | D:1      | Gained mutation: You have sharp fingernails. [Xom's grace]
  3025 | D:1      | Gained mutation: You passively map a small area around you.
                  | [Xom's grace]
  3066 | D:1      | XOM: scenery: create altars
  3109 | D:1      | XOM: 4-stop teleportation journey
  3148 | D:1      | XOM: god gift: 62 gold pieces
  3248 | D:1      | XOM: give mutations
  3248 | D:1      | Gained mutation: You are partially covered in iridescent
                  | scales. (AC +2) [Xom's grace]
  3463 | D:2      | XOM: god gift: staff of cold
  3635 | D:2      | XOM: summons 2 hostile demons
  3808 | D:2      | Reached skill level 1 in Spellcasting
  3808 | D:2      | Reached skill level 1 in Conjurations
  3808 | D:2      | Reached skill level 1 in Hexes
  3808 | D:2      | Reached skill level 1 in Summonings
  3808 | D:2      | Reached skill level 1 in Necromancy
  3808 | D:2      | Reached skill level 1 in Translocations
  3808 | D:2      | Reached skill level 1 in Transmutations
  3808 | D:2      | Reached skill level 1 in Fire Magic
  3808 | D:2      | Reached skill level 1 in Ice Magic
  3808 | D:2      | Reached skill level 1 in Air Magic
  3808 | D:2      | Reached skill level 1 in Earth Magic
  3808 | D:2      | Reached skill level 1 in Poison Magic
  3808 | D:2      | Reached XP level 4. HP: 35/35 MP: 0/0
  4086 | D:2      | XOM: give mutations
  4086 | D:2      | Gained mutation: You are somewhat resistant to further
                  | mutation. [Xom's grace]
  4086 | D:2      | Gained mutation: You are somewhat resistant to both further
                  | mutation and mutation removal. [Xom's grace]
  4086 | D:2      | Gained mutation: You are mostly covered in iridescent
                  | scales. (AC +4) [Xom's grace]
  4086 | D:2      | Gained mutation: You are completely covered in iridescent
                  | scales. (AC +6) [Xom's grace]
  4340 | D:1      | Bought a pair of glowing gloves for 172 gold pieces
  4466 | D:3      | Noticed a scorpion
  4468 | D:3      | XOM: silly message
  4486 | D:3      | Killed a scorpion
  4487 | D:3      | Reached skill level 3 in Dodging
  4487 | D:3      | Reached XP level 5. HP: 29/40 MP: 0/0
  4487 | D:3      | Learned a level 2 spell: Passwall
  4495 | D:3      | XOM: silly message
  4589 | D:3      | Noticed Terence
  4606 | D:3      | Killed Terence
  4616 | D:3      | XOM: noise
  4676 | D:3      | XOM: god gift: 5 large rocks
  4677 | D:3      | XOM: noise
  4806 | D:3      | Found a bloodstained altar of Trog.
  4811 | D:3      | Found a sacrificial altar of Ru.
  4817 | D:3      | XOM: noise
  5099 | D:3      | XOM: noise
  5307 | D:4      | Noticed Robin
  5344 | D:4      | Killed Robin
  5345 | D:4      | Reached XP level 6. HP: 47/47 MP: 0/0
  5417 | D:4      | Noticed Natasha
  5417 | D:4      | XOM: 8-stop teleportation journey
  5425 | D:4      | Killed Natasha
  5466 | D:4      | XOM: divination: detect creatures
  5518 | D:4      | Noticed Natasha
  5521 | D:4      | XOM: enchant monster (bad)
  5523 | D:4      | XOM: scenery: create altars
  5526 | D:4      | Killed Natasha
  5563 | D:4      | Noticed Natasha
  5580 | D:4      | Killed Natasha
  5625 | D:4      | Identified the ring of Xom's Full Attention {EV+5 Slay+5
                  | SInv}
  5781 | D:4      | XOM: god gift: scroll labelled RIGEUHEOXT {god gift}
  6094 | D:4      | Found Uscheemy's Weapon Emporium.
  6244 | D:5      | Entered Level 5 of the Dungeon
  6329 | D:5      | XOM: summons friendly ufetubus
  6334 | D:5      | Reached XP level 7. HP: 40/52 MP: 0/0
  6334 | D:5      | Learned a level 2 spell: Static Discharge
  6523 | D:5      | Found a runed translucent door.
  6524 | D:5      | Noticed Crazy Yiuf
  6619 | D:5      | Reached skill level 4 in Dodging
  6817 | D:5      | Found a hazy altar of Hepliaklqana.
  6817 | D:5      | Noticed Pikel
  6820 | D:5      | Killed Pikel
  6821 | D:5      | Reached XP level 8. HP: 57/58 MP: 0/0
  6888 | D:5      | XOM: give mutation
  6888 | D:5      | Gained mutation: You are agile. (Dex +4, Str/Int -1) [Xom's
                  | grace]
  6892 | D:5      | Noticed Sigmund
  6897 | D:5      | Killed Sigmund
  6898 | D:5      | Reached skill level 5 in Fighting
  6995 | D:5      | XOM: silly message
  7087 | D:5      | Reached skill level 5 in Dodging
  7157 | D:5      | XOM: silly message
  7162 | D:5      | Killed Crazy Yiuf
  7171 | D:5      | Identified the +7 hammer of Dissatisfaction {speed, Contam
                  | rC+ Str+2 Dex+2}
  7306 | D:6      | Found a broken altar of Ashenzari.
  7448 | D:6      | Identified the +10 war axe "Otinny" {pain, rPois rN+ Dex-4
                  | SInv}
  7490 | D:6      | XOM: god gift: 1166 gold pieces
  7514 | D:6      | XOM: 1-stop teleportation journey
  7521 | D:6      | Reached XP level 9. HP: 65/65 MP: 0/0
  7521 | D:6      | Learned a level 4 spell: Anguish
  7557 | D:6      | Found a staircase to the Ecumenical Temple.
  7616 | D:6      | XOM: 5-stop teleportation journey
  7617 | D:6      | Reached skill level 5 in Long Blades
  7662 | D:6      | XOM: potion effect (brilliance)
  7769 | D:6      | Found a sand-covered staircase.
  7770 | D:6      | Found a glowing golden altar of the Shining One.
  7847 | D:6      | XOM: cast spell 'Call Canine Familiar'
  7873 | Ossuary  | Entered an ossuary
  7890 | Ossuary  | XOM: god gift: staff of death
  7915 | Ossuary  | XOM: noise
  8203 | D:6      | Reached skill level 1 in Ranged Weapons
  8407 | D:6      | Noticed Prince Ribbit
  8420 | D:6      | Killed Prince Ribbit
  8421 | D:6      | Reached skill level 5 in Armour
  8560 | D:6      | XOM: give mutations
  8560 | D:6      | Lost mutation: You expend health (3 HP) to strengthen your
                  | wands. [Xom's mischief]
  8560 | D:6      | Lost mutation: You are completely covered in iridescent
                  | scales. (AC +6) [Xom's mischief]
  8560 | D:6      | Lost mutation: You are agile. (Dex +4, Str/Int -1) [Xom's
                  | mischief]
  8637 | D:6      | XOM: stat loss: -1 Dex (15/16)
  8717 | D:4      | Bought the +6 arbalest "Damnation" {damnation} for 960 gold
                  | pieces
  8717 | D:4      | Found the +6 arbalest "Damnation" {damnation}
  8790 | D:7      | Reached skill level 6 in Dodging
  8894 | D:7      | Found a flagged portal.
  8913 | D:7      | XOM: summons 4 hostile shadow creatures
  8938 | Bailey   | Entered a bailey
  8983 | Bailey   | Noticed an orc knight
  8996 | Bailey   | Killed an orc knight
  8997 | Bailey   | Reached skill level 5 in Spellcasting
  8997 | Bailey   | Reached skill level 5 in Conjurations
  8997 | Bailey   | Reached skill level 5 in Hexes
  8997 | Bailey   | Reached skill level 5 in Summonings
  8997 | Bailey   | Reached skill level 5 in Necromancy
  8997 | Bailey   | Reached skill level 5 in Translocations
  8997 | Bailey   | Reached skill level 5 in Transmutations
  8997 | Bailey   | Reached skill level 5 in Fire Magic
  8997 | Bailey   | Reached skill level 5 in Ice Magic
  8997 | Bailey   | Reached skill level 5 in Air Magic
  8997 | Bailey   | Reached skill level 5 in Earth Magic
  8997 | Bailey   | Reached skill level 5 in Poison Magic
  8997 | Bailey   | Reached XP level 10. HP: 43/72 MP: 0/0
  8997 | Bailey   | XOM: blink monster(s)
  9111 | Bailey   | Found a large runed translucent door.
  9111 | Bailey   | Found a large runed translucent door.
  9112 | Bailey   | Noticed a deep elf zephyrmancer
  9209 | Bailey   | Killed a deep elf zephyrmancer
  9224 | Bailey   | Identified the amulet "Aczaulen" {RegenMP -Tele rElec rF++
                  | Stlth+}
  9403 | D:7      | Noticed Duvessa
  9403 | D:7      | Noticed Dowan
  9405 | D:7      | Killed Duvessa
  9414 | D:7      | Killed Dowan
  9451 | D:7      | Noticed Jeremiah
  9453 | D:7      | Killed Jeremiah
  9736 | D:7      | Found a shadowy altar of Dithmenos.
  9736 | D:7      | Found an ornate altar of the Wu Jian Council.
  9868 | D:7      | XOM: give mutations
  9868 | D:7      | Gained mutation: You are covered in fur. (AC +1) [Xom's
                  | grace]
  9868 | D:7      | Lost mutation: You are somewhat resistant to both further
                  | mutation and mutation removal. [Xom's grace]
  9868 | D:7      | Lost mutation: You are somewhat resistant to further
                  | mutation. [Xom's grace]
  9868 | D:7      | Gained mutation: You have hidden genetic potential. [Xom's
                  | grace]
  9868 | D:7      | Gained mutation: Your spells are a little harder to cast,
                  | but a little more powerful. [Xom's grace]
  9961 | D:8      | You are sucked into a shaft and drop 3 floors!
  9961 | D:9      | Identified the "Zoyquylu"
  9961 | D:9      | Identified the of Batil
  9962 | D:11     | Noticed a manticore
  9962 | D:11     | XOM: divination: magic mapping
  9965 | D:11     | Killed a manticore
  9977 | D:11     | Reached skill level 7 in Dodging
  9980 | D:10     | Entered Level 10 of the Dungeon
  9993 | D:10     | Reached XP level 11. HP: 78/78 MP: 0/0
  9993 | D:10     | Learned a level 4 spell: Airstrike
 10128 | D:9      | Reached skill level 5 in Ranged Weapons
 10182 | D:9      | Gained mutation: Your spells are harder to cast, but more
                  | powerful. [hidden potential]
 10376 | D:9      | Found a staircase to the Orcish Mines.
 10486 | D:9      | XOM: give mutations
 10486 | D:9      | Lost mutation: Your spells are harder to cast, but more
                  | powerful. [Xom's mischief]
 10486 | D:9      | Gained mutation: You occasionally lose the ability to drink
                  | potions when taking damage. [Xom's mischief]
 10486 | D:9      | Lost mutation: You are covered in fur. (AC +1) [Xom's
                  | mischief]
 10517 | D:9      | XOM: 1-stop teleportation journey
 11013 | D:8      | Found a basalt altar of Yredelemnul.
 11141 | D:8      | Noticed a two-headed ogre
 11143 | D:8      | Killed a two-headed ogre
 11560 | D:10     | Found Roaczidaoz's Self-Published Books.
 11634 | D:10     | Noticed an oklob plant
 11642 | D:10     | Killed an oklob plant
 11643 | D:10     | Reached skill level 8 in Dodging
 11647 | D:10     | Found a staircase to the Lair.
 11649 | D:10     | Noticed an oklob plant
 11651 | D:10     | Killed an oklob plant
 11652 | D:10     | Reached XP level 12. HP: 79/86 MP: 0/0
 11720 | D:10     | XOM: 1-stop teleportation journey
 11779 | D:10     | XOM is BORED!
 11897 | D:10     | Noticed Josephine
 11902 | D:10     | Killed Josephine
 12028 | D:10     | Found a sparkling altar of Nemelex Xobeh.
 12055 | D:10     | XOM: give mutation
 12055 | D:10     | Gained mutation: You have supernaturally acute eyesight.
                  | (SInv) [Xom's grace]
 12226 | D:11     | Noticed a boulder beetle
 12227 | D:11     | XOM: divination: detect creatures
 12228 | D:11     | Noticed Gastronok
 12234 | D:11     | Killed a boulder beetle
 12239 | D:11     | Killed Gastronok
 12244 | D:11     | Gained mutation: Your movements are slightly less
                  | encumbered by armour. (ER -2) [hidden potential]
 12244 | D:11     | Lost mutation: You have hidden genetic potential. [hidden
                  | potential expressed]
 12393 | D:11     | XOM: divination: detect creatures
 12910 | Lair:1   | Entered Level 1 of the Lair of Beasts
 12984 | D:10     | XOM: cloud trail
 12992 | Lair:1   | XOM: cast spell 'Death Channel'
 13019 | Lair:1   | Found a dark tunnel.
 13043 | Volcano  | Entered a volcano
 13158 | Volcano  | Reached XP level 13. HP: 93/93 MP: 0/0
 13158 | Volcano  | Learned a level 5 spell: Freezing Cloud
 13176 | Volcano  | XOM: potion effect (brilliance)
 13225 | Volcano  | XOM: summons friendly crimson imp
 13238 | Volcano  | Reached skill level 9 in Dodging
 13513 | Lair:1   | Identified the +1 sling of Rekacoz {elec, Dex+3 Stlth+}
 13528 | Lair:1   | XOM: 2-stop teleportation journey
 13565 | Lair:1   | XOM: 1-stop teleportation journey
 14048 | Lair:1   | Identified the ring of Lady Luck {rF+ rC+} (Xom gifted it
                  | to you on level 1 of the Lair of Beasts)
 14048 | Lair:1   | XOM: god gift: ring of Lady Luck {rF+ rC+}
 14101 | Lair:2   | XOM: potion effect (curing)
 14109 | Lair:2   | XOM: smoke on damage
 14118 | Lair:1   | XOM: silly message
 14368 | Lair:2   | XOM: swap monsters
 14461 | Lair:2   | XOM: 8-stop teleportation journey
 14479 | Lair:2   | Found a staircase to the Snake Pit.
 14576 | Lair:2   | XOM: silly message
 14890 | Lair:3   | Found a staircase to the Swamp.
 14916 | Lair:3   | XOM: torment (45/94 hp)
 15093 | Lair:3   | Noticed a four-headed hydra
 15096 | Lair:3   | Killed a four-headed hydra
 15277 | Lair:3   | Noticed a four-headed hydra
 15280 | Lair:3   | Killed a four-headed hydra
 15720 | Lair:4   | Noticed a four-headed hydra
 15722 | Lair:4   | Reached XP level 14. HP: 101/101 MP: 0/0
 15898 | Lair:4   | Reached skill level 10 in Dodging
 15900 | Lair:4   | Found a staircase to the Slime Pits.
 16030 | Lair:4   | XOM is BORED!
 16030 | Lair:4   | XOM: summons 8 hostile demons
 16122 | Lair:4   | XOM: summons 5 hostile demons
 16196 | Lair:4   | Found a viscous altar of Jiyva.
 16489 | Lair:4   | XOM: stat loss: -1 Str (9/10)
 16545 | Lair:5   | Entered Level 5 of the Lair of Beasts
 16854 | Lair:5   | XOM: summons friendly white imp
 17049 | Lair:5   | Found the +8 demon blade "Leech" {evervamp, Harm Drain rN+}
 17531 | Lair:5   | XOM: fog
 17748 | Lair:5   | XOM: draining
 17756 | Lair:5   | Slain by a spriggan

Illustrated notes

Levels and vault maps discovered:
D:1:      minmay_arrival_jagged, layout_loops_ring, serial_shops, shop,
          nicolae_lakefront_shop, nicolae_shop_tiny_real_fake_doors,
          kennysheep_flooded_box, minmay_small_reverse_x
D:2:      layout_basic, chequers_arboretum
D:3:      layout_loops_ring, grunt_temple_overflow_open, uniq_terence
D:4:      layout_basic, serial_shops, nicolae_shop_back_alley_shop, uniq_robin,
          uniq_natasha
D:5:      layout_loops_corners, nicolae_hepliaklqana_monster_ancestors,
          nicolae_elevator_lobby_asterisk, uniq_pikel, uniq_sigmund,
          uniq_crazy_yiuf_cottage
D:6:      layout_basic, mainiacjoe_overflow_cross_hatched, tso_altar,
          minmay_temple_entry_junction_2, enter_ossuary_3, uniq_prince_ribbit1
D:7:      nicolae_cairo_tiling_large, layout_loops_cross,
          mainiacjoe_overflow_divided_tiny, enter_bailey_4,
          kennysheep_generic_room_8, uniq_duvessa, uniq_menkaure, uniq_jeremiah
D:8:      layout_loops_ring, lemuel_round_altar
D:9:      layout_long_grid, palyth_temple_overflow_mages, zombieorc1_lemuel
D:10:     layout_roguey, nemelex_diamond_rough_becter, dpeg_oklobed_lair,
          fungi_pond_lemuel, nicolae_custom_books, hangedman_decor_lopped,
          uniq_josephine
D:11:     layout_roguey, serial_bayou_ford_a, uniq_gastronok
Lair:1:   layout_chaotic_city, nicolae_volcano_entry_lava_flow,
          lemuel_fruit_fields, infiniplex_staircase_pool_2
Lair:2:   layout_regular_city, guppyfry_snake_entry_garden
Lair:3:   layout_cave_shapes, swamp_mist, dpeg_oklob_1
Lair:4:   layout_regular_city, nicolae_slime_entry_slimehenge,
          grunt_megastairs_2
Lair:5:   hellmonk_lair_end_abyssal_woods, layout_gridlike,
          dreamdust_deal_with_the_devil, nicolae_quartered_pool_medium,
          grunt_megastairs_1

Skill      XL: |  1  2  3  4  5  6  7  8  9 10 11 12 13 14 |
---------------+-------------------------------------------+-----
Long Blades    | 3 4 5 6 7 8 9 |  9.1
Spellcasting   | 1 2 3 5 6 7 8 9 |  9.6
Conjurations   | 1 2 3 5 6 7 8 9 |  9.6
Hexes          | 1 2 3 5 6 7 8 9 |  9.6
Summonings     | 1 2 3 5 6 7 8 9 |  9.6
Necromancy     | 1 2 3 5 6 7 8 9 |  9.6
Translocations | 1 2 3 5 6 7 8 9 |  9.6
Transmutations | 1 2 3 5 6 7 8 9 |  9.6
Fire Magic     | 1 2 3 5 6 7 8 9 |  9.6
Ice Magic      | 1 2 3 5 6 7 8 9 |  9.6
Air Magic      | 1 2 3 5 6 7 8 9 |  9.6
Earth Magic    | 1 2 3 5 6 7 8 9 |  9.6
Poison Magic   | 1 2 3 5 6 7 8 9 |  9.6
Armour         | 2 3 4 5 6 7 8 9 |  9.4
Dodging        | 3 4 5 6 7 8 9 10 | 10.5
Fighting       | 4 5 6 7 8 9 |  9.9
Ranged Weapons | 2 4 5 7 8 9 |  9.5

Action                     |  1- 3 |  4- 6 |  7- 9 | 10-12 | 13-15 || total
---------------------------+-------+-------+-------+-------+-------++-------
  Melee: Falchion          |    90 |   228 |   144 |    11 |       ||   473
         Punch             |       |     1 |     2 |       |       ||     3
         Scimitar          |       |       |       |       |     5 ||     5
   Fire: Arbalest          |       |       |    31 |   240 |   273 ||   544
   Cast: Summon Small Mamm |     1 |     1 |       |       |       ||     2
         Static Discharge  |       |       |     2 |       |       ||     2
         Freezing Cloud    |       |       |       |       |    10 ||    10
         Airstrike         |       |       |       |       |     1 ||     1
    Use: Scroll            |       |     3 |     2 |     9 |     4 ||    18
   Stab: Sleeping          |     1 |       |     4 |       |       ||     5
         Paralysed         |       |     4 |       |       |       ||     4
         Distracted        |       |     1 |       |       |       ||     1
 Armour: Leather armour    |    54 |   117 |    56 |    52 |   111 ||   390
  Dodge: Dodged            |    61 |   250 |   164 |   107 |   148 ||   730

Table legend: (Time is in decaauts)
 A = Elapsed time spent in this place.
 B = Non-inter-level travel time spent in this place.
 C = Inter-level travel time spent in this place.
 D = Time resting spent in this place.
 E = Time spent auto-exploring this place.
 F = Levels seen in this place.
 G = Mean time per level.
                   A        B        C        D        E       F      G
               +--------+--------+--------+--------+--------+-----+--------+
         Total |  18126 |  17358 |    768 |   3432 |  11403 |  19 |  954.0 |
       Dungeon |  12535 |  11861 |    674 |   2874 |   7417 |  11 | 1139.5 |
          Lair |   4475 |   4381 |     94 |    450 |   3295 |   5 |  895.0 |
       Ossuary |    316 |    316 |      0 |      0 |    232 |   1 |  316.0 |
        Bailey |    354 |    354 |      0 |      0 |    252 |   1 |  354.0 |
       Volcano |    444 |    444 |      0 |    108 |    207 |   1 |  444.0 |
               +--------+--------+--------+--------+--------+-----+--------+

Top non-repeatable levels by time:
     D:1: 3555 daAuts
  Lair:5: 1259 daAuts
     D:4: 1229 daAuts
     D:5: 1107 daAuts
     D:6: 1043 daAuts
     D:9: 923 daAuts
  Lair:4: 911 daAuts
     D:2: 884 daAuts
  Lair:1: 842 daAuts
     D:7: 841 daAuts
    D:11: 821 daAuts
  Lair:3: 788 daAuts
    D:10: 729 daAuts
     D:3: 700 daAuts
     D:8: 697 daAuts
